 Dungeon Crawl Stone Soup version 0.29.1-1-gd02db6906a (webtiles) character file.

Game seed: 7322597112841171442

5 H0rd4k the Insei (level 1, -2/13 HPs)
             Began as an Octopode Transmuter on Oct 20, 2022.
             Succumbed to a kobold's poison
             ... on level 1 of the Dungeon.
             The game lasted 00:00:09 (389 turns).

H0rd4k the Insei (Octopode Transmuter)               Turns: 389, Time: 00:00:10

Health: -2/13      AC:  1    Str:  9    XL:     1   Next: 80%
Magic:  3/3        EV: 13    Int: 15    God:
Gold:   0          SH:  0    Dex: 12    Spells: 3/4 levels left

rFire   . . .      SeeInvis .     - Unarmed
rCold   . . .      Faith    .   (no shield)
rNeg    . . .      Spirit   .   (helmet restricted)
rPois   .          Reflect  .   (no amulet)
rElec   .          Harm     .   (no ring)
rCorr   .          Rampage  .   (no ring)
Will    .....                   (no ring)
Stlth   ++........              (no ring)
HPRegen 0.04/turn               (no ring)
MPRegen 0.08/turn               (no ring)
                                (no ring)
                                (no ring)

@: lethally poisoned (-2 -> -20)
A: almost no armour, amphibious, 8 rings, camouflage 1, gelatinous body 1,
(nimble swimmer 1), tentacles
a: no special abilities


You were on level 1 of the Dungeon.
You visited 1 branch of the dungeon, and saw 1 of its levels.

Inventory:

Scrolls
 b - a scroll of enchant weapon {unknown}
Potions
 a - a potion of lignification


   Skills:
 + Level 1.0 Fighting
 + Level 2.0 Dodging
 + Level 3.3 Unarmed Combat
 + Level 2.0 Spellcasting
 + Level 2.0 Transmutations


You had 3 spell levels left.
You knew the following spells:

 Your Spells              Type           Power      Damage    Failure   Level
a - Beastly Appendage     Tmut           14%        N/A       10%         1

Your spell library contained the following spells:

 Spells                   Type           Power      Damage    Failure   Level
 Wereblood                Tmut           7%         N/A       14%         2
 Spider Form              Tmut/Pois      4%         N/A       41%         3
 Ice Form                 Ice/Tmut       4%         N/A       82%         4


Dungeon Overview and Level Annotations

Branches:
Dungeon (1/15)

Altars:


Innate Abilities, Weirdness & Mutations

You cannot wear most types of armour.
You are amphibious.
You can wear up to eight rings at the same time.
Your skin changes colour to match your surroundings (Stealth+).
Your rubbery body absorbs attacks. (AC +1, EV +1)
((You are camouflaged when in or above water. (Stealth+)))
You have tentacles for arms and can constrict up to eight enemies at once.


Message History

You closely miss the kobold. You grab the kobold.
The kobold is moderately wounded.
You constrict the kobold, but do no damage.
The kobold hits you with a +0 club.
A kobold is nearby!
You tentacle-slap the kobold but do no damage.
Your squeeze misses the kobold.
The kobold is moderately wounded.
You constrict the kobold. The kobold closely misses you.
A kobold is nearby!
You tentacle-slap the kobold.
You kill the kobold!
Key pressed, stopping explore.
No target in view!
Key pressed, stopping explore.
No target in view!
No target in view!
A kobold comes into view. It is wielding a +2 dagger of venom.
The kobold shouts!
A kobold is nearby!
A kobold is nearby!
You closely miss the kobold. Your grab misses the kobold.
The kobold closely misses you.
A kobold is nearby!
You tentacle-slap the kobold but do no damage.
You grab the kobold. Your squeeze misses the kobold.
You constrict the kobold, but do no damage.
The kobold hits you with a +2 dagger of venom.
You are lethally poisoned!
There is a lethal amount of poison in your body!
You barely miss the kobold. You constrict the kobold.
You feel very sick.
The kobold hits you with a +2 dagger of venom.
You are more poisoned.
You tentacle-slap the kobold.
You kill the kobold!
* * * LOW HITPOINT WARNING * * *
You feel very sick.
You are too injured to fight recklessly!
You die...

.......# ......
.....########.#...
#......##........
#......##.......
#######......##.....#
#............##.....#
.......@.....##.....#
#........##..#......#
#........###.....)..#
#.##########.## ##.......#
........####.#####.>.....#
#####.#####..........##...[..#
...... ...#..........##......#
~~~~.####.##.........##.######
...~....#............##.#


There were no monsters in sight!

Vanquished Creatures
  A ball python (D:1)
  A hobgoblin (D:1)
  A frilled lizard (D:1)
  2 kobolds (D:1)
5 creatures vanquished.

Notes
Turn   | Place    | Note
-------+----------+-------------------------------------------
     0 | D:1      | H0rd4k the Octopode Transmuter began the quest for the Orb.
     0 | D:1      | Reached XP level 1. HP: 13/13 MP: 3/3
   389 | D:1      | Succumbed to a kobold's poison

Illustrated notes

Levels and vault maps discovered:
D:1:      ebering_trefoil_twist, layout_basic, reono_crystal_passage

Action                   || total
-------------------------++-------
Melee: Unarmed           ||    14
       Constrict         ||     4
       Tentacles         ||     1
 Stab: Sleeping          ||     2
Dodge: Dodged            ||     5
